 Dungeon Sprint DCSS version 0.25-a0-413-g3b4b6a4 (webtiles) character file.

Game seed: 3923223105299462141, levelgen mode: deterministic

1169 Krakonus1 the Fencer (level 8, -3/64 HPs)
             Began as a Minotaur Fighter on Jan 16, 2020.
             Was a Believer of Okawaru.
             Slain by a komodo dragon (19 damage)
             ... in the Dungeon (Sprint IX: "|||||||||||||||||||||||||||||").
             The game lasted 00:01:47 (276 turns).

Krakonus1 the Fencer (Minotaur Fighter)              Turns: 276, Time: 00:01:48

Health: -3/64      AC: 11    Str: 23    XL:     8   Next: 17%
Magic:  7/7        EV:  5    Int:  8    God:    Okawaru [**....]
Gold:   0          SH: 10    Dex: 13    Spells: 7/7 levels left

rFire    . . .     SeeInvis .   q - +2 scimitar (flame)
rCold    . . .     Gourm    .   c - +0 shield
rNeg     . . .     Faith    .   t - +1 chain mail
rPois    .         Spirit   .   (helmet restricted)
rElec    .         Reflect  .   (no cloak)
rCorr    .         Harm     .   u - +0 pair of gloves
MR       .....     NoTele   +   (no boots)
Stlth    ..........             (no amulet)
HPRegen  0.20/turn              r - +3 ring of intelligence
MPRegen  0.10/turn              s - +3 ring of dexterity

@: no status effects
A: retaliatory headbutt, horns 2
a: Heroism, Renounce Religion


You were in the Dungeon.
You worshipped Okawaru.
Okawaru was pleased with you.
You were not hungry.

You visited 1 branch

Inventory:

Hand Weapons
 a - a +0 long sword
 q - a +2 scimitar of flaming (weapon)
Armour
 b - a +0 scale mail
 c - a +0 shield (worn)
 t - a +1 chain mail (worn)
 u - a +0 pair of gloves (worn)
Jewellery
 r - a +3 ring of intelligence (left hand)
 s - a +3 ring of dexterity (right hand)
Wands
 p - a wand of acid (10)
Scrolls
 k - 2 scrolls of blinking
 n - 3 scrolls of remove curse
 o - 2 scrolls of amnesia
Potions
 d - a potion of might
 e - 5 potions of curing
 h - a potion of haste
 i - 4 potions of magic
 j - a potion of berserk rage
 l - a potion of invisibility
 m - 2 potions of heal wounds
Comestibles
 f - a ration


   Skills:
 - Level 3.6 Fighting
 * Level 19.5 Long Blades
 - Level 3.6 Armour
 - Level 3.6 Shields


You had 7 spell levels left.
You didn't know any spells.
Your spell library was empty.

Dungeon Overview and Level Annotations

Branches:
Dungeon (1/1)

Altars:
Cheibriados
Dithmenos
Elyvilon
Fedhas
Gozag
Hepliaklqana
Kikubaaqudgha
Makhleb
Nemelex Xobeh
Okawaru
Qazlal
Ru
Sif Muna
Trog
Uskayaw
Vehumet
Wu Jian
Xom
Yredelemnul
Zin
The Shining One
Beogh
Jiyva
Lugonu


Innate Abilities, Weirdness & Mutations

You reflexively headbutt those who attack you in melee.
You have a pair of horns on your head.


Message History

The howler monkey hoots and howls with incredible vigour!
You slash the orc! You burn the orc.
You kill the orc!
Okawaru accepts your kill.
You slash the howler monkey! You burn the howler monkey.
The howler monkey is severely wounded.
The howler monkey hits you.
* * * LOW HITPOINT WARNING * * *
You hit the howler monkey. You burn the howler monkey.
You kill the howler monkey!
Okawaru accepts your kill.
The komodo dragon hisses menacingly.
You hit the komodo dragon but do no damage.
Your headbutt misses the komodo dragon. You block the komodo dragon's attack.
You closely miss the komodo dragon. The komodo dragon bites you.
* * * LOW HITPOINT WARNING * * *
You hit the komodo dragon. You burn the komodo dragon.
The komodo dragon is lightly wounded.
The komodo dragon bites you!!
You die... ▓▓▓▓▓▓▓▓▓▓▓▓▓▓▓▓▓▓▓▓▓▓▓ .|)[....††....('@l....+ ▓▓▓▓▓▓▓▓▓▓▓▓▓▓▓▓▓▓▓▓▓▓▓

You could see a komodo dragon.

Vanquished Creatures
  A cyclops (D)
  A troll (D)
  A sky beast (D)
  A black bear (D)
  A phantom (D)
  A centaur (D)
  A bullfrog (D)
  A scorpion (D)
  2 howler monkeys (D)
  A hound (D)
  2 adders (D)
  2 orcs (D)
  A bat (D)
  A goblin (D)
  2 hobgoblins (D)
  A jackal skeleton (D)
  A kobold (D)
21 creatures vanquished.

Notes
Turn   | Place    | Note
-------+----------+-------------------------------------------
     0 | D        | Krakonus1 the Minotaur Fighter began the quest for the Orb.
     0 | D        | Reached XP level 1. HP: 19/19 MP: 0/0
     4 | D        | Reached skill level 3 in Long Blades
    10 | D        | Reached skill level 4 in Long Blades
    13 | D        | Reached skill level 5 in Long Blades
    19 | D        | Noticed a centaur
    19 | D        | Noticed a phantom
    19 | D        | Noticed a hound
    28 | D        | HP: 1/19 [centaur (8)]
    29 | D        | Killed a centaur
    29 | D        | Reached skill level 10 in Long Blades
    29 | D        | Reached XP level 2. HP: 1/26 MP: 1/1
    29 | D        | Reached XP level 3. HP: 1/31 MP: 2/2
    29 | D        | Reached XP level 4. HP: 2/39 MP: 3/3
    37 | D        | Reached skill level 11 in Long Blades
    52 | D        | Found a roughly hewn altar of Beogh.
    52 | D        | Found a snail-covered altar of Cheibriados.
    52 | D        | Found a shadowy altar of Dithmenos.
    52 | D        | Found a white marble altar of Elyvilon.
    52 | D        | Found a blossoming altar of Fedhas.
    52 | D        | Found an opulent altar of Gozag.
    53 | D        | Found a hazy altar of Hepliaklqana.
    54 | D        | Found a viscous altar of Jiyva.
    55 | D        | Found an ancient bone altar of Kikubaaqudgha.
    56 | D        | Found a corrupted altar of Lugonu.
    57 | D        | Found a burning altar of Makhleb.
    58 | D        | Found a sparkling altar of Nemelex Xobeh.
    59 | D        | Found an iron altar of Okawaru.
    60 | D        | Found a stormy altar of Qazlal.
    61 | D        | Found a sacrificial altar of Ru.
    62 | D        | Found a shimmering blue altar of Sif Muna.
    63 | D        | Found a bloodstained altar of Trog.
    64 | D        | Found a hide-covered altar of Uskayaw.
    65 | D        | Found a radiant altar of Vehumet.
    66 | D        | Found an ornate altar of the Wu Jian Council.
    67 | D        | Found a shimmering altar of Xom.
    68 | D        | Found a basalt altar of Yredelemnul.
    69 | D        | Found a glowing silver altar of Zin.
    85 | D        | Found a glowing golden altar of the Shining One.
    98 | D        | Killed a phantom
    98 | D        | Reached skill level 13 in Long Blades
    98 | D        | Reached XP level 5. HP: 13/45 MP: 4/4
   107 | D        | Became a worshipper of Warmaster Okawaru
   223 | D        | Noticed a sky beast
   223 | D        | Noticed a black bear
   229 | D        | Killed a sky beast
   229 | D        | Reached skill level 14 in Long Blades
   229 | D        | Reached XP level 6. HP: 37/51 MP: 5/5
   232 | D        | Reached skill level 15 in Long Blades
   238 | D        | Reached skill level 16 in Long Blades
   241 | D        | Reached * piety under Okawaru
   241 | D        | Reached XP level 7. HP: 37/57 MP: 6/6
   251 | D        | Noticed a troll
   251 | D        | Noticed a cyclops
   251 | D        | Noticed a komodo dragon
   256 | D        | Killed a troll
   256 | D        | Reached skill level 18 in Long Blades
   262 | D        | Killed a cyclops
   262 | D        | Reached ** piety under Okawaru
   262 | D        | Reached skill level 19 in Long Blades
   262 | D        | Reached XP level 8. HP: 20/64 MP: 7/7
   276 | D        | Slain by a komodo dragon

Levels and vault maps discovered:
D:        linesprint [early_d, line_temple, items_1, d_10, items_2, lair_1,
          lair_end, items_3, orc_1, orc_end, items_4, d_15, swamp_1, shoals_1,
          snake_1, spider_1, d_20, vaults_1, items_5, swamp_end, shoals_end,
          snake_end, spider_end, vaults_end, d_27, items_6, zot_1, zot_end,
          crypt_end, forest_end, elf_end, slime_end, tomb_end, abyss_end,
          pan_hell_end]

Skill      XL: |  1  2  3  4  5  6  7 |
---------------+----------------------+-----
Long Blades    | 10 13 14 16 19 | 19.5
Fighting       | |  3.6
Armour         | |  3.6
Shields        | |  3.6

Action                   |  1- 3 |  4- 6 |  7- 9 || total
-------------------------+-------+-------+-------++-------
Melee: Long sword        |    18 |    36 |       ||    54
       Headbutt          |     7 |    10 |     6 ||    23
       Scimitar          |       |    17 |    26 ||    43
  Use: Potion            |       |     1 |       ||     1
Armor: Scale mail        |     7 |    12 |       ||    19
       Chain mail        |       |     4 |     5 ||     9
Dodge: Dodged            |     6 |     6 |     4 ||    16
Block: Shield            |    12 |    13 |     7 ||    32
       Rpst.: Long sword |     1 |       |       ||     1
       Scimitar          |       |     1 |     1 ||     2

Table legend:
 A = Non-vault XP
 B = Vault XP
 C = Vault XP percentage of total XP
 D = Non-vault monster count
 E = Vault monster count
 F = Vault count percentage of total count
                 A         B        C        D         E       F
            +---------+---------+-------+---------+---------+-------
      Total |       0 |    1671 | 100.0 |       0 |      21 | 100.0
            +---------+---------+-------+---------+---------+-------
          D |       0 |    1671 | 100.0 |       0 |      21 | 100.0
            +---------+---------+-------+---------+---------+-------
